Unix NetHack Version 5.0.0-0 post-release - last build May  4 2026 22:22:43 (774f63e81ad911689b3a0859ea89b322d5daca8d,branch:main).

Game began 2026-05-06 05:22:12, ended 2026-05-06 06:02:59.

2460080212, lawful female human Valkyrie

                                                                 -------------
                                                              ###-...........|
                                                               # |..?<.......|
                                                            #### |...........|
                                                           ##    -------------
                                                        o@#)
                                                           #
                                                           #######
                                                                 #
                                                                 ###
                                                               ----.----
                                                               |.......|
                                                               |.......|
                                                               |.......|
                                                               ---------

2460080212 the Skirmisher   St:16 Dx:15 Co:18 In:9 Wi:9 Ch:7  Lawful
Dlvl:6  $:0  HP:0(41) Pw:8(8) AC:6  Xp:4 T:3049  Weak    

Latest messages:
 The straw golem hits again!
 You hit the straw golem!
 The straw golem hits!
 The straw golem hits again!
 You hit the straw golem!
 The straw golem hits!
 The straw golem hits again!
 You hit the straw golem.
 The straw golem hits!
 The straw golem hits again!
 You hit the straw golem!
 The straw golem hits!
 The straw golem hits again!
 You miss the straw golem.
 The straw golem hits!
 The straw golem hits again!
 You destroy the straw golem!
 You stop.  Your housecat is in the way!
 You swap places with your housecat.
 You don't have anything to eat.
 You don't have anything to eat.
 You see here a pair of jungle boots.
 d - a pair of jungle boots.
 It is missed.
 An orcish dagger misses you.
 You hit the rock piercer!
 Valkyrie needs food, badly!
 You kill the rock piercer!
 The dog bites!
 You hit the dog!
 The dog bites!
 You hit the dog!
 The dog bites!
 The dog bites!
 You hit the dog.
 The dog bites!
 The dog bites!
 You kill the dog!
 You hit the hill orc!
 The hill orc swings his scimitar.
 The hill orc misses!
 You hit the hill orc!
 The hill orc swings his scimitar.
 The hill orc hits!
 You die...
 Do you want your possessions identified? [ynq] (y) n
 Do you want to see your attributes? [ynq] (y) n
 Do you want an account of creatures vanquished? [ynaq] (y) n
 Do you want to see your conduct and achievements? [ynq] (y) n
 Do you want to see the dungeon overview? [ynq] (y) n

Inventory:
 Weapons  (')')
  b - a +0 dagger (alternate weapon; not wielded)
  a - a +1 spear (weapon in right hand)
  l - a +0 short sword
 Armor    ('[')
  d - a cursed -2 pair of fumble boots
  c - an uncursed +3 small shield (being worn)
 Potions  ('!')
  o - an uncursed potion of confusion
  j - an uncursed potion of levitation
 Rings    ('=')
  n - an uncursed ring of invisibility
 Wands    ('/')
  f - a wand of slow monster (0:8)

2460080212 the Valkyrie's attributes:

Background:
 You were a Skirmisher, a level 4 human Valkyrie.
 You were lawful, nominally on a mission for Tyr
 who was opposed by Odin (neutral) and Loki (chaotic).
 You were right-handed.
 You were in the Dungeons of Doom, on level 6.
 You entered the dungeon 3049 turns ago.
 You had 137 experience points, 23 more were needed to attain level 5.

Basics:
 You had 0 out of 41 hit points.
 You had all 8 energy points (spell power).
 Your armor class was 6.
 Your wallet was empty.
 Autopickup was off.

Final Characteristics:
 Your strength was 16 (base:17, limit:18/100).
 Your dexterity was 15 (limit:18).
 Your constitution was 18 (limit:18).
 Your intelligence was 9 (limit:18).
 Your wisdom was 9 (limit:18).
 Your charisma was 7 (limit:18).

Final Status:
 You were weak from severe hunger.
 You were unencumbered.
 You were wielding a spear.
 You had basic skill with spear.

Final Attributes:
 You were piously aligned.
 You were cold resistant.
 You were stealthy.
 You are dead.

Miscellaneous:
 You didn't encounter any bones levels.
 Total elapsed playing time was 38 minutes and 45 seconds.

Major events:
 Turn
    1: 2460080212 the lawful human Valkyrie entered the dungeon
  784: attained the rank of Skirmisher (level 3)
 3049: killed by a hill orc

You didn't know any spells.

Skills:
 Fighting Skills
   bare handed combat [Unskilled]
   two weapon combat  [Unskilled]
   riding             [Unskilled]
 Weapon Skills
   dagger             [Basic]
   axe                [Unskilled]
   pick-axe           [Unskilled]
   short sword        [Unskilled]
   broadsword         [Unskilled]
   long sword         [Unskilled]
   two-handed sword   [Unskilled]
   saber              [Unskilled]
   hammer             [Unskilled]
   quarterstaff       [Unskilled]
   polearms           [Unskilled]
   spear              [Basic]
   trident            [Unskilled]
   lance              [Unskilled]
   sling              [Unskilled]
 Spellcasting Skills
   attack spells      [Unskilled]
   escape spells      [Unskilled]

Voluntary challenges:
 Character rerolling was not enabled.
 You were vegetarian.
 You were an atheist.
 You were illiterate.
 You never genocided any monsters.
 You never polymorphed an object.
 You never changed form.
 You used no wishes.
Achievements:
 You entered a shop.
 You attained the rank of Skirmisher.

 The Dungeons of Doom: levels 1 to 6
    Level 1:
    Level 2:
       A vegetarian food shop, some fountains.
    Level 3:
    Level 4:
       A wand shop, many trees.
    Level 5:
    Level 6: <- You were here.
       Final resting place for
          you, killed by a hill orc.


Vanquished creatures:
  a leprechaun
  a dog
  a rock piercer
  a rock mole
  a straw golem
  a floating eye
 an orc zombie
  2 dwarf zombies
  2 iguanas
 an acid blob
  3 manes
  2 giant rats
  a yellow mold
  a gnome
  5 garter snakes
  a gecko
  3 jackals
  2 kobolds
  a goblin
  a sewer rat
  5 grid bugs
  7 lichens
  a kobold zombie
  3 newts
48 creatures vanquished.

No species were genocided or became extinct.

Game over:
                       ----------
                      /          \
                     /    REST    \
                    /      IN      \
                   /     PEACE      \
                  /                  \
                  |    2460080212    |
                  |       0 Au       |
                  | killed by a hill |
                  |       orc        |
                  |                  |
                  |                  |
                  |       2026       |
                 *|     *  *  *      | *
        _________)/\\_//(\/(/\)/\//\/|_)_______

Farvel 2460080212 the Valkyrie...

You died in The Dungeons of Doom on dungeon level 6 with 798 points,
and 0 pieces of gold, after 3049 moves.
You were level 4 with a maximum of 41 hit points when you died.

